 Dungeon Crawl Stone Soup version 0.30-a0-1043-g60ff8d5f49 (webtiles) character file.

Game seed: 905000765962356478

93 quinnr the Gusty (level 4, -7/24 HPs)
             Began as a Tengu Air Elementalist on Apr 10, 2023.
             Mangled by an iguana (10 damage)
             ... on level 4 of the Dungeon.
             The game lasted 00:03:19 (1801 turns).

quinnr the Gusty (Tengu Air Elementalist)           Turns: 1801, Time: 00:03:20

Health: -7/24      AC:  2    Str:  8    XL:     4   Next: 61%
Magic:  6/9        EV: 12    Int: 18    God:
Gold:   93         SH:  0    Dex: 14    Spells: 8/9 levels left

rFire   . . .      SeeInvis .    f - +1 short sword (venom)
rCold   . . .      Faith    .    (no shield)
rNeg    . . .      Spirit   .    a - +0 robe
rPois   .          Reflect  .    (helmet restricted)
rElec   .          Rampage  .    (no cloak)
rCorr   .                        (no gloves)
Will    .....                    (boots unavailable)
Stlth   +++                      (no amulet)
HPRegen 0.24/turn                (no ring)
MPRegen 0.11/turn                (no ring)

@: flying, very slightly contaminated
A: beak, talons 3
a: no special abilities


You were on level 4 of the Dungeon.
You visited 1 branch of the dungeon, and saw 4 of its levels.

You collected 93 gold pieces.


Innate Abilities, Weirdness & Mutations

You have a beak for a mouth.
You have claws for feet.


   Skills:
 + Level 0.4 Fighting
 - Level 2.1 Dodging
 - Level 4.0 Stealth
 - Level 3.0 Spellcasting
 + Level 1.6 Conjurations
 + Level 4.1 Air Magic


You had 8 spell levels left.
You knew the following spells:

 Your Spells              Type           Power      Damage    Failure   Level
z - Shock                 Conj/Air       52%        1d6       4%          1

Your spell library contained the following spells:

 Spells                   Type           Power      Damage    Failure   Level
 Static Discharge         Conj/Air       26%        2-4/arc   8%          2
 Swiftness                Air            17%        N/A       9%          3
 Lesser Beckoning         Tloc           4%         N/A       24%         2
 Airstrike                Air            8%         2d(2-18)  30%         4
 Gell's Gravitas          Tloc           2%         N/A       43%         3
 Teleport Other           Tloc           2%         N/A       43%         3

Inventory:

Hand Weapons
 f - a +1 short sword of venom (weapon)
Missiles
 h - 6 javelins
 k - 2 throwing nets {=f}
Armour
 a - a +0 robe (worn)
Jewellery
 C - a ring of ice
Scrolls
 d - a scroll of identify {unknown}
 i - a scroll of brand weapon {unknown}
Potions
 b - a potion of magic
 c - a potion of mutation {unknown}
 e - a potion of flight
 g - 2 potions of curing {unknown}
 j - a potion of heal wounds {unknown}

Dungeon Overview and Level Annotations

Branches:
Dungeon (4/15)
 Temple: D:4-7

Altars:

.# .#
#####l#####
#.........#
#.###.###.# #.#
# #.###.#
#.l...# #.@####
# #..#<####.#.
.###...........
................
#.####....####..
####.#.##
#.......#
#.##.##.#
#.#..##.#


You could see an iguana.


Message History

You climb downwards.
A quokka comes into view.
There is a stone staircase leading up here.
A quokka is nearby!
The zap hits the quokka.
You kill the quokka!
You can't see any susceptible monsters within range! (Use Z to cast anyway.) Magic restored.
An iguana comes into view.
The zap hits the iguana.
The iguana is lightly wounded.
You start resting.
An iguana is nearby!
The zap misses the iguana.
The zap hits the iguana.
The iguana is lightly wounded.
The zap hits the iguana.
The iguana is moderately wounded.
The zap hits the iguana.
The iguana is heavily wounded.
You miscast Shock.
You are very lightly contaminated with residual magic.
Nothing appears to happen.
The iguana bites you!
Ouch! That really hurt!
* * * LOW HITPOINT WARNING * * *
The iguana attacks as you move away! The iguana bites you!
* * * LOW HITPOINT WARNING * * *
It was a potion of flight.
You feel very buoyant.
You fly up into the air.
The iguana bites you!
You die...

Skill      XL: |  1  2  3  4 |
---------------+-------------+-----
Stealth        | 3 4 |  4.0
Spellcasting   | 3 |  3.0
Fighting       | |  0.4
Dodging        | |  2.1
Conjurations   | |  1.6
Air Magic      | |  4.1

Action                     |  1- 3 |  4- 6 || total
---------------------------+-------+-------++-------
  Melee: Unarmed           |     6 |       ||     6
         Peck              |     2 |       ||     2
         Kick              |     1 |       ||     1
         Short sword       |     1 |       ||     1
   Cast: Shock             |    72 |     8 ||    80
    Use: Potion            |       |     1 ||     1
 Armour: Robe              |     4 |       ||     4
  Dodge: Dodged            |    11 |     2 ||    13

Levels and vault maps discovered:
D:1:      saegor_arrival_simple_a, layout_rooms, minmay_misc_feat_iff
D:2:      layout_basic, basic_altar
D:3:      layout_loops_ring, mainiacjoe_overflow_concentric_impassable,
          lemuel_round_altar, nrook_uturn, minmay_surrounded, uniq_robin,
          uniq_grinder
D:4:      layout_loops_corners, mainiacjoe_overflow_cross_hatched,
          mainiacjoe_overflow_big_doors, serial_shops, shop,
          nrook_loot_triangle, dreamdust_gnoll_farm

Notes
Turn   | Place    | Note
-------+----------+-------------------------------------------
     0 | D:1      | quinnr the Tengu Air Elementalist began the quest for the
                  | Orb.
     0 | D:1      | Reached XP level 1. HP: 10/10 MP: 4/4
   119 | D:1      | Reached XP level 2. HP: 15/15 MP: 0/6
   561 | D:1      | Reached XP level 3. HP: 19/19 MP: 2/7
   672 | D:1      | Reached skill level 3 in Stealth
  1368 | D:2      | Reached skill level 3 in Spellcasting
  1593 | D:4      | Reached XP level 4. HP: 24/24 MP: 6/9
  1729 | D:4      | Reached skill level 4 in Stealth
  1801 | D:4      | Mangled by an iguana

Vanquished Creatures
  A hound (D:4)
  A gnoll (D:4)
  An adder (D:2)
  A worm (D:2)
  2 dart slugs (D:1)
  3 endoplasms
  5 giant cockroaches (D:1)
  A goblin (D:1)
  4 hobgoblins (D:1)
  7 kobolds
  2 quokkas
  3 ball pythons
  3 bats
  2 frilled lizards (D:2)
  A rat (D:1)
37 creatures vanquished.

Vanquished Creatures (others)
  8 fungi (D:4)
8 creatures vanquished.

Grand Total: 45 creatures vanquished

Table legend: (Time is in decaauts)
 A = Elapsed time spent in this place.
 B = Non-inter-level travel time spent in this place.
 C = Inter-level travel time spent in this place.
 D = Time resting spent in this place.
 E = Time spent auto-exploring this place.
 F = Levels seen in this place.
 G = Mean time per level.
                   A        B        C        D        E       F      G
               +--------+--------+--------+--------+--------+-----+--------+
         Total |   1800 |   1750 |     50 |    153 |   1354 |   4 |  450.0 |
       Dungeon |   1800 |   1750 |     50 |    153 |   1354 |   4 |  450.0 |
               +--------+--------+--------+--------+--------+-----+--------+

Top non-repeatable levels by time:
     D:1: 1060 daAuts
     D:2: 467 daAuts
     D:4: 220 daAuts
     D:3: 52 daAuts

Table legend:
 A = Non-vault XP
 B = Vault XP
 C = Vault XP percentage of total XP
 D = Non-vault monster count
 E = Vault monster count
 F = Vault count percentage of total count
                 A         B        C        D         E       F
            +---------+---------+-------+---------+---------+-------
      Total |      76 |      57 |  42.9 |      35 |       2 |   5.4
            +---------+---------+-------+---------+---------+-------
        D:1 |      48 |       0 |   0.0 |      26 |       0 |   0.0
        D:2 |      25 |       0 |   0.0 |       7 |       0 |   0.0
        D:3 |       1 |       0 |   0.0 |       1 |       0 |   0.0
        D:4 |       2 |      57 |  96.6 |       1 |       2 |  66.7
            +---------+---------+-------+---------+---------+-------
